SKY
ARIZONA DIAMONDBACKS @ FRESNO FALCONS
09/20/2051
 
TOP OF THE 1ST
Arizona Diamondbacks batting - Pitching for Fresno Falcons : RHP Zach Kerwick
Pitching: RHP Zach Kerwick
Batting: LHB Glenn Pichardo 0-0: Ball
1-0: Foul Ball, location: 2F
1-1: Ground out U3 (Groundball, 3, EV 84.4 MPH)
Batting: RHB Duncan Hancock 0-0: SINGLE (Line Drive, 4M, EV 108.1 MPH)
Batting: LHB P.T. Bailey 0-0: Called Strike
0-1: Ball
1-1: Called Strike
1-2: Ball
2-2: Ball
3-2: Strikes out swinging
Batting: LHB Peter Conrad 0-0: Ball
1-0: Ball
2-0: Ball
3-0: Base on Balls
Duncan Hancock to second
Batting: LHB Wil Solís 0-0: Ball
1-0: Ball
2-0: Called Strike
2-1: Foul Ball, location: 23FF
2-2: Ball
3-2: Strikes out swinging
Top of the 1st over - 0 runs, 1 hit, 0 errors, 2 left on base; Arizona 0 - Fresno 0
BOTTOM OF THE 1ST
Fresno Falcons batting - Pitching for Arizona Diamondbacks : LHP Robert Valenzuela
Pitching: LHP Robert Valenzuela
Batting: RHB Zach Pryor 0-0: Ground out 4-3 (Groundball, 4S, EV 71.3 MPH)
Batting: RHB Hunter Poll 0-0: Ball
1-0: Ball
2-0: Fly out, F9 (Line Drive, 9, EV 105.0 MPH)
Batting: RHB Isiah Alvarado 0-0: Called Strike
0-1: Swinging Strike
0-2: Ball
1-2: Strikes out swinging
Bottom of the 1st over - 0 runs, 0 hits, 0 errors, 0 left on base; Arizona 0 - Fresno 0
TOP OF THE 2ND
Arizona Diamondbacks batting - Pitching for Fresno Falcons : RHP Zach Kerwick
Batting: LHB Oliver Paradis 0-0: Ball
1-0: Foul Ball, location: 3FF
1-1: Foul Ball, location: 2F
1-2: Strikes out swinging
Batting: RHB Josef Horne 0-0: Foul Ball, location: 2F
0-1: Ball
1-1: Ball
2-1: Ball
3-1: Swinging Strike
3-2: Strikes out swinging
Batting: RHB Brian Hirai 0-0: Ball
1-0: Ball
2-0: Foul Ball, location: 5F
2-1: Fly out, F8 (Flyball, 78M, EV 93.1 MPH)
Top of the 2nd over - 0 runs, 0 hits, 0 errors, 0 left on base; Arizona 0 - Fresno 0
BOTTOM OF THE 2ND
Fresno Falcons batting - Pitching for Arizona Diamondbacks : LHP Robert Valenzuela
Batting: RHB Aryan Christopherson 0-0: Foul Ball, location: 5F
0-1: Ball
1-1: Ball
2-1: Ground out 4-3 (Groundball, 4, EV 85.0 MPH)
Batting: RHB Apolo Tussey 0-0: Ball
1-0: Ball
2-0: Ball
3-0: Called Strike
3-1: Foul Ball, location: 2F
3-2: Base on Balls
Batting: LHB Juan Oliu 0-0: Foul Ball, location: 9LDF
0-1: Swinging Strike
0-2: Strikes out looking
Batting: LHB Everett Hardin 0-0: Fly out, F4 (Popup, 4M, EV 76.3 MPH)
Bottom of the 2nd over - 0 runs, 0 hits, 0 errors, 1 left on base; Arizona 0 - Fresno 0
TOP OF THE 3RD
Arizona Diamondbacks batting - Pitching for Fresno Falcons : RHP Zach Kerwick
Batting: SHB Enrique Mata 0-0: Ball
1-0: DOUBLE (Groundball, 3L, EV 99.4 MPH)
Batting: LHB Glenn Pichardo 0-0: Foul Ball, location: 2F
0-1: Ball
1-1: SINGLE (Line Drive, 6MD, EV 95.6 MPH)
Enrique Mata to third
Runner from 3rd tries for Home, SAFE, throw by CF to home
Batting: RHB Duncan Hancock 0-0: Foul Ball, location: 2F
0-1: Ball
1-1: Foul Ball, location: 23F
1-2: Ball
2-2: Foul Ball, location: 2F
2-2: Strikes out swinging
Batting: LHB P.T. Bailey 0-0: Fielders Choice at 2nd, 4-6 (Groundball, 4, EV 110.0 MPH)
Batting: LHB Peter Conrad 0-0: Swinging Strike
0-1: Ground out U3 (Groundball, 34, EV 90.6 MPH)
Top of the 3rd over - 1 run, 2 hits, 0 errors, 1 left on base; Arizona 1 - Fresno 0
BOTTOM OF THE 3RD
Fresno Falcons batting - Pitching for Arizona Diamondbacks : LHP Robert Valenzuela
Batting: RHB José Ángel Ayon 0-0: Ball
1-0: Ball
2-0: Ball
3-0: Base on Balls
Batting: RHB Wendolyn Valdez 0-0: Called Strike
0-1: Foul Ball, location: 2F
0-2: Ball
1-2: Strikes out swinging
Batting: RHB Zach Pryor 0-0: Ball
1-0: Ball
2-0: Foul Ball, location: 2F
2-1: SINGLE (Groundball, 23, EV 65.6 MPH) (infield hit)
José Ángel Ayon to second
Batting: RHB Hunter Poll 0-0: Grounds into double play, 4-6-3 (Groundball, 4, EV 83.8 MPH)
Bottom of the 3rd over - 0 runs, 1 hit, 0 errors, 1 left on base; Arizona 1 - Fresno 0
TOP OF THE 4TH
Arizona Diamondbacks batting - Pitching for Fresno Falcons : RHP Zach Kerwick
Batting: LHB Wil Solís 0-0: Ball
1-0: SOLO HOME RUN (Flyball, 89XD, EV 100.0 MPH), Distance : 391 ft
Batting: LHB Oliver Paradis 0-0: Called Strike
0-1: Hit by Pitch, AND HE CHARGES THE MOUND! The benches clear!
Pitching: LHP Lyle Bramlage
Pinch Runner at 1st Lucas Jordan:
Batting: RHB Josef Horne 0-0: Called Strike
0-1: Foul Ball, location: 7LMF
0-2: Strikes out swinging
Batting: RHB Brian Hirai 0-0: Ball
Lucas Jordan is caught stealing 2nd base 2-4
1-0: Ball
2-0: Foul Ball, location: 2F
2-1: Called Strike
2-2: Strikes out swinging
Top of the 4th over - 1 run, 1 hit, 0 errors, 0 left on base; Arizona 2 - Fresno 0
BOTTOM OF THE 4TH
Fresno Falcons batting - Pitching for Arizona Diamondbacks : LHP Robert Valenzuela
Now in CF: Lucas Jordan
Batting: RHB Isiah Alvarado 0-0: Ground out 3-1 (Groundball, 34, EV 86.3 MPH)
Batting: RHB Aryan Christopherson 0-0: Ball
1-0: Ball
2-0: Foul Ball, location: 5DF
2-1: Ball
3-1: Called Strike
3-2: SOLO HOME RUN (Line Drive, 7D, EV 101.9 MPH), Distance : 397 ft
Batting: RHB Apolo Tussey 0-0: Ball
1-0: Ball
2-0: Foul Ball, location: 2LF
2-1: Foul Ball, location: 2F
2-2: Ball
3-2: Foul Ball, location: 2F
3-2: Foul Ball, location: 23F
3-2: Strikes out looking
Batting: LHB Juan Oliu 0-0: Foul Ball, location: 2F
0-1: Ball
1-1: DOUBLE (Groundball, 3L, EV 106.9 MPH)
Batting: LHB Everett Hardin 0-0: Ball
1-0: Ball
2-0: Foul Ball, location: 7LDF
2-1: SINGLE (Groundball, 34S, EV 74.4 MPH) (infield hit)
Juan Oliu to third
Batting: RHB José Ángel Ayon 0-0: Ball
1-0: Ball
2-0: Called Strike
2-1: Fielders Choice at 2nd, 6-4 (Groundball, 6, EV 98.8 MPH)
Bottom of the 4th over - 1 run, 3 hits, 0 errors, 2 left on base; Arizona 2 - Fresno 1
TOP OF THE 5TH
Arizona Diamondbacks batting - Pitching for Fresno Falcons : LHP Lyle Bramlage
Batting: SHB Enrique Mata 0-0: Called Strike
0-1: Ball
1-1: Ground out 5-3 (Groundball, 5, EV 82.5 MPH)
Batting: LHB Glenn Pichardo 0-0: Ball
1-0: Foul Ball, location: 23F
1-1: Ball
2-1: Ball
3-1: Fly out, F8 (Line Drive, 8RM, EV 96.9 MPH)
Batting: RHB Duncan Hancock 0-0: Ball
1-0: Ball
2-0: Called Strike
2-1: Called Strike
2-2: Foul Ball, location: 2F
2-2: Strikes out swinging
Top of the 5th over - 0 runs, 0 hits, 0 errors, 0 left on base; Arizona 2 - Fresno 1
BOTTOM OF THE 5TH
Fresno Falcons batting - Pitching for Arizona Diamondbacks : LHP Robert Valenzuela
Batting: RHB Wendolyn Valdez 0-0: Ball
1-0: Ball
2-0: Ball
3-0: Called Strike
3-1: Called Strike
3-2: Foul Ball, location: 9LSF
3-2: Strikes out swinging
Batting: RHB Zach Pryor 0-0: Ball
1-0: Ball
2-0: Called Strike
2-1: Bunted foul
2-2: Ball
3-2: Ground out 5-3 (Groundball, 15, EV 83.1 MPH)
Batting: RHB Hunter Poll 0-0: Called Strike
0-1: Ball
1-1: Ball
2-1: Ball
3-1: Base on Balls
Batting: RHB Isiah Alvarado 0-0: Ball
1-0: Fielders Choice at 2nd, 6-4 (Groundball, 6, EV 103.8 MPH)
Bottom of the 5th over - 0 runs, 0 hits, 0 errors, 1 left on base; Arizona 2 - Fresno 1
TOP OF THE 6TH
Arizona Diamondbacks batting - Pitching for Fresno Falcons : LHP Lyle Bramlage
Batting: RHB Dale Lovell 0-0: Foul Ball, location: 3F
0-1: Ball
1-1: Called Strike
1-2: Foul Ball, location: 2F
1-2: SINGLE (Groundball, 56, EV 100.6 MPH) (infield hit)
Batting: LHB Peter Conrad 0-0: Foul Ball, location: 9LSF
0-1: Fly out, F9 (Flyball, 89XD, EV 79.4 MPH)
Batting: LHB Wil Solís 0-0: Ball
1-0: Swinging Strike
1-1: SINGLE (Line Drive, 3D, EV 106.3 MPH)
Dale Lovell to second
Batting: LHB Lucas Jordan 0-0: Fielders Choice at 2nd, 4-6 (Groundball, 4, EV 86.9 MPH)
Dale Lovell to third
Batting: RHB Josef Horne 0-0: Foul Ball, location: 2F
0-1: Called Strike
0-2: Ball
1-2: Ball
Lucas Jordan is caught stealing 2nd base 2-4
Top of the 6th over - 0 runs, 2 hits, 0 errors, 1 left on base; Arizona 2 - Fresno 1
BOTTOM OF THE 6TH
Fresno Falcons batting - Pitching for Arizona Diamondbacks : LHP Robert Valenzuela
Batting: RHB Aryan Christopherson 0-0: Foul Ball, location: 9LSF
0-1: Foul Ball, location: 2F
0-2: Ground out U3 (Groundball, 34S, EV 81.9 MPH)
Batting: RHB Apolo Tussey 0-0: Ball
1-0: Foul Ball, location: 9LMF
1-1: Ball
2-1: Ball
3-1: Foul Ball, location: 2F
3-2: Foul Ball, location: 2F
3-2: Foul Ball, location: 25FF
3-2: Base on Balls
Batting: LHB Juan Oliu 0-0: Ball
1-0: Called Strike
1-1: Called Strike
1-2: Strikes out looking
Pinch Hitting: RHB Pan Siena 0-0: Called Strike
0-1: Ball
1-1: Ball
2-1: SINGLE (Groundball, 34D, EV 99.4 MPH)
Apolo Tussey to second
Runner from 2nd tries for 3rd, SAFE, no throw by RF
Pitching: RHP Russ Gunn
Pinch Hitting: SHB James Lan 0-0: SINGLE (Groundball, 15S, EV 65.6 MPH) (infield hit)
Apolo Tussey scores
Pan Siena to second
Batting: RHB Wendolyn Valdez 0-0: Called Strike
0-1: Hit by Pitch
Pan Siena to third
James Lan to second
Batting: RHB Zach Pryor 0-0: Ball
1-0: Called Strike
1-1: Fly out, F8 (Flyball, 8RM, EV 88.8 MPH)
Bottom of the 6th over - 1 run, 2 hits, 0 errors, 3 left on base; Arizona 2 - Fresno 2
TOP OF THE 7TH
Arizona Diamondbacks batting - Pitching for Fresno Falcons : LHP Lyle Bramlage
Now at SS: Jonah Pérez
Now in CF: Dominic Hodgkins
Batting: RHB Josef Horne 0-0: Ball
1-0: DOUBLE (Flyball, 8RXD, EV 111.3 MPH)
Batting: RHB Brian Hirai 0-0: Ball
1-0: Foul Ball, location: 9LDF
1-1: Fly out, F9 (Flyball, 89S, EV 96.3 MPH)
Batting: SHB Enrique Mata 0-0: Foul Ball, location: 5F
0-1: Ball
1-1: Ball
2-1: Ball
3-1: Called Strike
3-2: SINGLE (Groundball, 34D, EV 104.4 MPH)
Josef Horne to third
Runner from 3rd tries for Home, SAFE, throw by RF to home
Pinch Hitting: RHB Rick Beaulieu 0-0: Called Strike
0-1: Called Strike
Enrique Mata is caught stealing 2nd base 2-4
0-2: Strikes out swinging
Top of the 7th over - 1 run, 2 hits, 0 errors, 0 left on base; Arizona 3 - Fresno 2
BOTTOM OF THE 7TH
Fresno Falcons batting - Pitching for Arizona Diamondbacks : RHP Russ Gunn
Now in LF: Jermaine Shaw
Batting: RHB Hunter Poll 0-0: Ball
1-0: Fly out, F5 (Popup, 15, EV 70.6 MPH)
Batting: RHB Isiah Alvarado 0-0: Ball
1-0: Ball
2-0: Ball
3-0: Called Strike
3-1: Foul Ball, location: 7LDF
3-2: Foul Ball, location: 3FF
3-2: Strikes out swinging
Batting: RHB Aryan Christopherson 0-0: Called Strike
0-1: Ground out 6-3 (Groundball, 6, EV 100.6 MPH)
Bottom of the 7th over - 0 runs, 0 hits, 0 errors, 0 left on base; Arizona 3 - Fresno 2
TOP OF THE 8TH
Arizona Diamondbacks batting - Pitching for Fresno Falcons : LHP Lyle Bramlage
Batting: RHB Duncan Hancock 0-0: Ball
1-0: Ball
2-0: Called Strike
2-1: Ball
3-1: Fly out, F4 (Popup, 3D, EV 54.4 MPH)
Batting: RHB Dale Lovell 0-0: Foul Ball, location: 3FF
0-1: Swinging Strike
0-2: Strikes out swinging
Batting: LHB Peter Conrad 0-0: Ball
1-0: Called Strike
1-1: SINGLE (Line Drive, 6D, EV 97.5 MPH)
Pitching: RHP Mikel Rodriguez
Batting: LHB Wil Solís 0-0: Ball
1-0: Ball
2-0: Ball
3-0: Called Strike
3-1: Swinging Strike
3-2: Base on Balls
Peter Conrad to second
Batting: LHB Lucas Jordan 0-0: TRIPLE (Line Drive, 89XD, EV 107.5 MPH)
Peter Conrad scores
Wil Solís scores
Batting: RHB Josef Horne 0-0: Ball
1-0: Ball
2-0: Called Strike
2-1: SINGLE (Line Drive, 89S, EV 104.4 MPH)
Lucas Jordan scores
Batting: RHB Brian Hirai 0-0: Called Strike
0-1: Ball
1-1: Swinging Strike
1-2: Strikes out swinging
Top of the 8th over - 3 runs, 3 hits, 0 errors, 1 left on base; Arizona 6 - Fresno 2
BOTTOM OF THE 8TH
Fresno Falcons batting - Pitching for Arizona Diamondbacks : RHP Russ Gunn
Batting: RHB Apolo Tussey 0-0: Ground out 4-3 (Groundball, 4MD, EV 94.4 MPH)
Batting: LHB Juan Oliu 0-0: Called Strike
0-1: Foul Ball, location: 2F
0-2: Foul Ball, location: 3F
0-2: Foul Ball, location: 7LSF
0-2: Strikes out swinging
Batting: SHB Jonah Pérez 0-0: Ground out 3-1 (Groundball, 34, EV 85.6 MPH)
Bottom of the 8th over - 0 runs, 0 hits, 0 errors, 0 left on base; Arizona 6 - Fresno 2
TOP OF THE 9TH
Arizona Diamondbacks batting - Pitching for Fresno Falcons : RHP Mikel Rodriguez
Batting: SHB Enrique Mata 0-0: Called Strike
0-1: Ball
1-1: Ground out U3 (Groundball, 34, EV 91.9 MPH)
Batting: SHB Jermaine Shaw 0-0: Foul Ball, location: 2F
0-1: Ball
1-1: Called Strike
1-2: Ball
2-2: SINGLE (Line Drive, 8LS, EV 101.9 MPH)
Batting: RHB Duncan Hancock 0-0: Ball
1-0: Swinging Strike
1-1: Foul Ball, location: 2F
1-2: Ball
2-2: Ball
3-2: Single, Error in OF, E8, batter to second base (Line Drive, 8RS, EV 90.0 MPH)
Jermaine Shaw to third
Batting: RHB Dale Lovell 0-0: Called Strike
0-1: 3-RUN HOME RUN (Flyball, 7D, EV 96.9 MPH), Distance : 396 ft
Pitching: RHP Emilio Huerta
Batting: LHB Peter Conrad 0-0: Called Strike
0-1: Ball
1-1: Ball
2-1: Ball
3-1: Foul Ball, location: 7LSF
3-2: Strikes out swinging
Batting: LHB Wil Solís 0-0: Ball
1-0: Ball
2-0: Called Strike
2-1: Called Strike
2-2: Ball
3-2: Foul Ball, location: 2F
3-2: Foul Ball, location: 5F
3-2: DOUBLE (Flyball, 78XD, EV 111.3 MPH)
Batting: LHB Lucas Jordan 0-0: TRIPLE (Line Drive, 89XD, EV 105.0 MPH)
Wil Solís scores
Batting: RHB Josef Horne 0-0: SINGLE (Line Drive, 7S, EV 108.1 MPH)
Lucas Jordan scores
Pitching: LHP Iván Cruz
Batting: RHB Brian Hirai 0-0: Foul Ball, location: 2RF
0-1: SINGLE (Groundball, 34D, EV 96.9 MPH)
Josef Horne to second
Runner from 2nd tries for 3rd, SAFE, no throw by RF
Batting: SHB Enrique Mata 0-0: DOUBLE (Flyball, 89D, EV 108.1 MPH)
Josef Horne scores
Brian Hirai to third
Batting: SHB Jermaine Shaw 0-0: Ball
1-0: Called Strike
1-1: Ground out 5-3 (Groundball, 5, EV 81.3 MPH)
Top of the 9th over - 6 runs, 8 hits, 1 error, 2 left on base; Arizona 12 - Fresno 2
BOTTOM OF THE 9TH
Fresno Falcons batting - Pitching for Arizona Diamondbacks : RHP Russ Gunn
Pinch Hitting: SHB John Wheeler 0-0: Called Strike
0-1: Called Strike
0-2: Ground out 6-3 (Groundball, 6, EV 93.8 MPH)
Pinch Hitting: RHB Kaden Thomas 0-0: Swinging Strike
0-1: Ground out 6-3 (Groundball, 6M, EV 110.0 MPH)
Batting: RHB Zach Pryor 0-0: Foul Ball, location: 5FF
0-1: Foul Ball, location: 5F
0-2: Ground out 5-3 (Groundball, 5, EV 80.0 MPH)
Bottom of the 9th over - 0 runs, 0 hits, 0 errors, 0 left on base; Arizona 12 - Fresno 2
Sunday, March 31st , 2024 - OOTP Baseball 24.11 Build 85